 Dungeon Crawl Stone Soup version 0.18.1-6-gd335043 (webtiles) character file.

50 seren the Magician (level 3, 0/19 HPs)
             Began as a Deep Elf Wizard on May 19, 2016.
             Slain by an adder (2 damage)
             ... on level 1 of the Dungeon.
             The game lasted 00:06:53 (1706 turns).

seren the Magician (Deep Elf Wizard)                Turns: 1706, Time: 00:06:54

Health: 0/19       AC:  2    Str:  4    XL:     3   Next: 55%
Magic:  7/12       EV: 12    Int: 23    God:
Gold:   16         SH:  0    Dex: 13    Spells: 4 memorised, 6 levels left

rFire  . . .     SeeInvis .     e - +0 dagger
rCold  . . .     Gourm    .     a - +0 robe
rNeg   . . .     Faith    .     (no shield)
rPois  .         Spirit   .     b - +0 hat
rElec  .         Dismiss  .     (no cloak)
rCorr  .         Reflect  .     (no gloves)
SustAt .         Harm     .     (no boots)
MR     .....                    (no amulet)
Stlth  ++........               (no ring)
                                (no ring)

@: lethally poisoned (0 -> -3), not resistant to hostile enchantments,
unstealthy
A: no striking features
a: no special abilities


You were on level 1 of the Dungeon.
You were not hungry.

You visited 1 branch of the dungeon, and saw 2 of its levels.

You collected 16 gold pieces.

Inventory:

Hand Weapons
 e - a +0 dagger (weapon)
Armour
 a - a +0 robe (worn)
 b - a +0 hat (worn)
Scrolls
 f - a scroll of enchant weapon {unknown}
 h - a scroll of blinking {unknown}
 i - a scroll of identify {unknown}
Potions
 j - a potion of beneficial mutation {unknown}
Books
 c - a book of Minor Magic

   Spells                             Type                      Level
   a - Magic Dart                     Conjuration                  1
   b - Blink                          Translocation                2
   c - Call Imp                       Summoning                    2
   d - Repel Missiles                 Charms/Air                   2
   e - Slow                           Hexes                        2
   f - Conjure Flame                  Conjuration/Fire             3
   g - Mephitic Cloud                 Conjuration/Poison/Air       3
Comestibles
 d - a bread ration
 g - 3 chunks of flesh


   Skills:
 - Level 2.4 Dodging
 - Level 2.4 Stealth
 + Level 5.6 Spellcasting
 + Level 2.2 Conjurations
 + Level 0.4 Charms
 + Level 1.3 Summonings
 - Level 1.1 Translocations


You had 6 spell levels left.
You knew the following spells:

 Your Spells              Type           Power        Failure   Level  Hunger
a - Magic Dart            Conj           ###.         3%          1    None
b - Blink                 Tloc           N/A          10%         2    None
c - Call Imp              Summ           ##......     10%         2    None
r - Repel Missiles        Chrm/Air       #.....       14%         2    None


Dungeon Overview and Level Annotations

Branches:
Dungeon (2/15)

Altars:


Message History

The adder bites you but does no damage.
Casting: Magic Dart
Confirm with . or Enter, or press ? or * to list all spells.
Aiming: Magic Dart
Press: ? - help, Shift-Dir - straight line, f/p - adder
Aim: an adder (heavily wounded)
The magic dart hits the adder.
The adder is severely wounded.
The adder bites you but does no damage.
Casting: Magic Dart
Confirm with . or Enter, or press ? or * to list all spells.
Aiming: Magic Dart
Press: ? - help, Shift-Dir - straight line, f/p - adder
Aim: an adder (severely wounded)
The magic dart hits the adder.
The adder is almost dead.
You feel sick. The adder bites you.
* * * LOW HITPOINT WARNING * * *
The adder bites you.
You die...

### ### #### ### ###
#####.###.####..####.###.##
#..........................
#######.#.#.##..#.##.......###.##
............##..#.##.............
#######.#.#....†.........#.###.##
#######.#.#.#...@.....##.#.# #.##
##...............S....##+#.###..#
##.##.#.#.#.#..............#.....
##.##.#.#..................'.....
##÷##.#.#..................###..#
##.##.#'#.#.#...#......#.#.# #..#
...)......#.#...#..........# #..#
##.##.....#.#...#......#...# #..#
.......................#...###..#


You could see an adder.

Vanquished Creatures
  An adder (D:2)
  A dart slug (D:1)
  A giant gecko (D:1)
  A ball python (D:1)
  A giant cockroach (D:2)
  3 goblins (D:1)
  4 hobgoblins (D:1)
  10 jackals
  A kobold (D:1)
  5 bats (D:1)
  3 giant newts (D:1)
  3 rats
34 creatures vanquished.

Notes
Turn   | Place    | Note
--------------------------------------------------------------
     0 | D:1      | seren the Deep Elf Wizard began the quest for the Orb.
     0 | D:1      | Reached XP level 1. HP: 10/10 MP: 7/7
   503 | D:1      | Reached XP level 2. HP: 12/15 MP: 7/9
   639 | D:1      | Reached skill level 5 in Spellcasting
  1065 | D:1      | Reached XP level 3. HP: 19/19 MP: 9/11
  1527 | D:1      | Learned a level 2 spell: Blink
  1530 | D:1      | Learned a level 2 spell: Call Imp
  1533 | D:1      | Learned a level 2 spell: Repel Missiles
  1706 | D:1      | Slain by an adder

Skill      XL: |  1  2 |
---------------+-------+-----
Spellcasting   | 5 |  5.6
Conjurations   | 2 |  2.2
Dodging        | |  2.4
Stealth        | |  2.4
Charms         | |  0.4
Summonings     | |  1.3
Translocations | |  1.1

Action                   || total
-------------------------++-------
Melee: Dagger            ||    11
 Cast: Magic Dart        ||    85
  Eat: Chunk             ||     2
Armor: Robe              ||    10
Dodge: Dodged            ||    27
